Map: Ruins of Seras

Players

LiquidMaNa (MaNa) - Winner!

  • Race: Protoss Protoss

CMStormPolt (Polt)

  • Race: Terran Terran
  • League: Grandmaster

VOD

Have the link to the VOD?

Description

Time

  • Played on: Dec. 14, 2015, 7:34 p.m.
  • Length: 8:30
Show
View Real Time Build Order
Export as new Build Order

LiquidMaNa Protoss - Winner!

Build Orders: 1 Gate Expand 

Get SALT Encoding   

  12  0:00  Probe (Chrono Boost)  
  13  0:11  Probe (Chrono Boost)  
  14  0:18  Pylon  
  14  0:22  Probe (Chrono Boost)  
  15  0:36  Probe (Chrono Boost)  
  15  0:37  Gateway  
  16  0:47  Probe (Chrono Boost)  
  17  1:08  Nexus  
  17  1:11  Probe (Chrono Boost)  
  17  1:17  Assimilator  
  18  1:27  Cybernetics Core  
  18  1:30  Probe (Chrono Boost)  
  19  1:36  Assimilator  
  19  1:41  Probe (Chrono Boost)  
  19  1:46  Pylon  
  20  1:51  Probe (Chrono Boost)  
  21  2:02  Probe (Chrono Boost)  
  21  2:04  Stalker (Chrono Boost)  
  21  2:07  Warp Gate  
  24  2:13  Probe  
  25  2:19  Probe (Chrono Boost)  
  26  2:28  Mothership Core (Chrono Boost)  
  28  2:32  Probe (Chrono Boost)  
  29  2:41  Adept  
  29  2:44  Probe (Chrono Boost)  
  32  2:46  Probe (Chrono Boost)  
  33  2:54  Robotics Facility  
  33  2:58  Probe x2 (Chrono Boost)  
  35  3:09  Probe x2 (Chrono Boost)  
  37  3:15  Gateway  
  37  3:19  Gateway  
  36  3:24  Probe x2 (Chrono Boost)  
  38  3:31  Pylon  
  38  3:40  Probe x2 (Chrono Boost)  
  40  3:42  Warp Prism (Chrono Boost)  
  40  3:47  Pylon  
  42  3:52  Probe x2  
  44  3:58  Twilight Council  
  44  4:12  Adept x2  
  44  4:13  Adept  
  44  4:14  Observer (Chrono Boost)  
  51  4:18  Probe x2, Pylon  
  53  4:28  Resonating Glaives  
  53  4:32  Observer (Chrono Boost)  
  53  4:35  Probe x2  
  45  4:43  Adept x3  
  51  4:47  Probe (Chrono Boost)  
  51  4:48  Probe (Chrono Boost)  
  53  4:58  Probe (Chrono Boost)  
  55  5:01  Probe (Chrono Boost)  
  55  5:09  Probe (Chrono Boost)  
  55  5:13  Probe (Chrono Boost)  
  57  5:18  Adept x3  
  57  5:19  Probe (Chrono Boost)  
  62  5:25  Probe (Chrono Boost)  
  53  5:30  Probe (Chrono Boost)  
  50  5:38  Probe (Chrono Boost)  
  50  5:41  Probe (Chrono Boost)  
  49  5:44  Stalker x2  
  47  5:50  Probe (Chrono Boost)  
  47  5:51  Probe (Chrono Boost)  
  47  5:52  Blink  
  47  5:54  Stalker  
  47  6:10  Warp Prism (Chrono Boost)  
  47  6:14  Probe x2  
  49  6:26  Probe  
  49  6:27  Probe  
  51  6:38  Probe  
  51  6:39  Probe  
  51  6:50  Probe  
Show
View Real Time Build Order
Export as new Build Order

CMStormPolt Terran 

Build Orders: 1/1/1, Cyclone Opening 

Get SALT Encoding   

  12  0:00  SCV  
  13  0:13  SCV  
  14  0:18  Supply Depot  
  14  0:25  SCV  
  15  0:29  Refinery  
  15  0:39  SCV  
  16  0:45  Barracks  
  16  0:51  SCV  
  16  0:57  Refinery  
  17  1:07  SCV  
  18  1:19  SCV  
  19  1:32  Orbital Command  
  19  1:33  Reaper  
  19  1:39  Factory  
  20  1:49  Supply Depot  
  20  1:58  SCV  
  21  2:06  Barracks Reactor  
  21  2:10  SCV  
  22  2:22  SCV  
  23  2:23  Factory Tech Lab, Starport  
  23  2:30  Supply Depot  
  23  2:34  SCV  
  23  2:44  Cyclone  
  23  2:47  Marine x2  
  28  2:52  SCV  
  29  3:00  Medivac  
  31  3:06  Supply Depot  
  31  3:10  Marine  
  31  3:12  Marine  
  33  3:17  Widow Mine  
  35  3:28  Supply Depot  
  35  3:29  Marine x2  
  37  3:47  Supply Depot, Marine x2  
  39  3:49  Banshee  
  42  3:56  SCV  
  42  4:05  Widow Mine, Marine x2  
  43  4:10  Cloaking Field  
  43  4:23  Marine x2  
  45  4:36  Viking  
  47  4:39  Factory Tech Lab  
  47  4:41  Marine x2  
  47  4:52  Command Center  
  47  4:58  Cyclone  
  48  5:10  Marine x2  
  36  5:29  Marine x2  
  37  5:41  Siege Tank  
  37  5:45  Banshee  
  37  5:47  Marine x2  
  36  6:04  Marine x2  
  38  6:21  Siege Tank  
  38  6:22  Marine x2  
  42  6:33  Banshee  
Tags
 
Add a new tag
Caveats
  • Supply blocks, unpowered buildings, or Contaminate may cause inaccurate times.
  • Supply counts are checked every 10 seconds.